 Dungeon Crawl Stone Soup version 0.19-a0-519-gb6a5606 (webtiles) character file.

367385 AlphabetPasta the Imperceptible (level 22, -79/102 HPs)
             Began as a Vine Stalker Assassin on June 5, 2016.
             Was the Champion of Dithmenos.
             Killed from afar by a lich (82 damage)
             ... with a crystal spear
             ... on level 1 of the Depths on June 7, 2016.
             The game lasted 06:31:36 (48147 turns).

AlphabetPasta the Imperceptible (VSAs)             Turns: 48147, Time: 06:31:37

Health: -79/102    AC: 16    Str: 19    XL:     22   Next: 58%
Magic:  0/41       EV: 22    Int: 11    God:    Dithmenos [******]
Gold:   3056       SH: 35    Dex: 43    Spells: 0 memorised, 21 levels left

rFire  . . .     SeeInvis +     a - +7 quick blade (freeze)
rCold  . . .     Gourm    .     F - +2 leather armour of Varogih {rPois Stlth+}
rNeg   . . .     Faith    .     M - +6 large shield of the Chupacabra {-Tele Dex+9 SInv}
rPois  +         Spirit   +     o - +2 helmet of Indomitability {MP+9}
rElec  .         Dismiss  .     Z - +2 cloak
rCorr  .         Reflect  +     T - +1 pair of gloves of Exclusion {MR+ Str+5 Dex+3}
SustAt .         Harm     .     x - +2 pair of boots
MR     +++..     NoTele   +     f - brooch of Shielding {Reflect SH+8}
Stlth  ++++++++++               W - +5 ring of dexterity
                                (no ring)

@: very slightly contaminated, hasted, wreathed by umbra, drained, invisible,
very quick, extremely resistant to hostile enchantments, uncannily stealthy
A: fangs 3, regeneration 3, magic shield, antimagic bite, no device heal 3, rot
immunity
a: Shadow Step, Shadow Form, Renounce Religion
}: 2/15 runes: decaying, gossamer


You were on level 1 of the Depths.
You worshipped Dithmenos.
Dithmenos was exalted by your worship.
You were not hungry.

You visited 9 branches of the dungeon, and saw 42 of its levels.
You also visited: Ice Cave.

You collected 5698 gold pieces.
You spent 2642 gold pieces at shops.

Inventory:

Hand Weapons
 a - a +7 quick blade of freezing (weapon)
 b - a +0 blowgun
 J - a +2 dagger of speed
Missiles
 e - 151 poisoned needles
 i - a throwing net
 u - 34 tomahawks (quivered)
 I - 2 needles of paralysis
 O - 4 needles of frenzy
 Y - 6 curare-tipped needles
Armour
 o - the +2 helmet of Indomitability (worn) {MP+9}
   (You bought it in a shop on level 2 of the Orcish Mines)

   It affects your magic capacity (+9).
 x - a +2 pair of boots (worn)
 F - the +2 leather armour of Varogih (worn) {rPois Stlth+}
   (You found it on level 6 of the Dungeon)

   It protects you from poison.
   It makes you more stealthy.
 M - the +6 large shield of the Chupacabra (worn) {-Tele Dex+9 SInv}
   (You took it off Mennas on level 2 of the Vaults)

   It affects your dexterity (+9).
   It lets you see invisible.
   It prevents most forms of teleportation.
 T - the +1 pair of gloves of Exclusion (worn) {MR+ Str+5 Dex+3}
   (You bought it in a shop on level 2 of the Orcish Mines)

   It affects your strength (+5).
   It affects your dexterity (+3).
   It affects your resistance to hostile enchantments.
 Z - a +2 cloak (worn)
Jewellery
 f - the brooch of Shielding (around neck) {Reflect SH+8}
   (You bought it in a shop on level 2 of the Orcish Mines)

   [amulet of reflection]

   It shields you and reflects attacks.
   It affects your SH (+8).
 p - the amulet of the Air {Inacc +Fly rElec EV+5 RMsl}
   (You found it on level 3 of the Elven Halls)

   [amulet of inaccuracy]

   It reduces the accuracy of all your attacks.
   It affects your evasion (+5).
   It insulates you from electricity.
   It lets you fly.
   It protects you from missiles.
 D - a +3 ring of slaying
 V - the ring "Nif Qiuhur" {rCorr rN++ Str+3}
   (You took it off a deep elf blademaster on level 3 of the Elven Halls)

   [ring of resist corrosion]

   It affects your strength (+3).
   It greatly protects you from negative energy.
 W - a +5 ring of dexterity (right hand)
Wands
 h - a wand of iceblast (5/15)
 j - a wand of digging (15/24)
 v - a wand of acid (0/15)
 y - a wand of hasting (1/9)
 z - a wand of disintegration (11/24)
 H - a wand of paralysis (15/24)
 R - a wand of heal wounds (5/9)
 S - a wand of teleportation (5/9)
 U - a wand of confusion (2/48)
Scrolls
 g - 3 scrolls of magic mapping
 k - 13 scrolls of remove curse
 l - 7 scrolls of identify
 n - 8 scrolls of recharging
 q - a scroll of silence
 P - 3 scrolls of fog
 Q - 5 scrolls of blinking
Potions
 c - a potion of might
 d - 2 potions of agility
 m - a potion of haste
 t - 5 potions of resistance
 w - 3 potions of cancellation
 C - 15 potions of curing
 N - 4 potions of flight
Miscellaneous
 E - 4 phantom mirrors
Comestibles
 s - 17 bread rations
 B - 16 meat rations
 G - 21 royal jellies
 X - 9 fruits


   Skills:
 - Level 5.9(5.3) Fighting
 * Level 19.7(18.9) Short Blades
 - Level 9.6(9.0) Throwing
 - Level 9.7(9.1) Dodging
 + Level 25.7(24.8) Stealth
 * Level 13.6(12.8) Shields
 - Level 13.0(12.2) Invocations
 - Level 6.9(6.3) Evocations


You had 21 spell levels left.
You didn't know any spells.

Dungeon Overview and Level Annotations

Branches:
Dungeon (15/15)            Temple (1/1) D:4            Lair (8/8) D:9
  Swamp (4/4) Lair:6       Spider (4/4) Lair:3        Slime (0/6) Lair:6
    Orc (2/2) D:11            Elf (3/3) Orc:2        Vaults (4/5) D:13
  Crypt (0/3) Vaults:3     Depths (1/5) D:15

Altars:
Ashenzari
Cheibriados
Dithmenos
Elyvilon
Fedhas
Gozag
Hepliaklqana
Kikubaaqudgha
Makhleb
Nemelex Xobeh
Okawaru
Pakellas
Qazlal
Ru
Sif Muna
Trog
Uskayaw
Vehumet
Xom
Yredelemnul
Zin
The Shining One
Beogh
Jiyva

Shops:
D:4 [   D:5 (:=[   D:15 *   Orc:2 *=*%   Vaults:1 (((   Vaults:3 =

Annotations:
D:8 Ultraviolent4's ghost, novice VSMo
Lair:6 1 runed door, exclusion: oklob plant
Depths:1 Sojobo


Innate Abilities, Weirdness & Mutations

You have razor-sharp teeth.
You regenerate.
When hurt, damage is shared between your health and your magic reserves.
Your bite disrupts and absorbs the magic of your enemies.
Potions and wands cannot restore your health.
You are immune to rotting.


Message History

Press: ? - help, Shift-Dir - straight line, f - you You feel yourself speed up.
This wand has 1 charge left.
You block the air elemental's attack.
The tengu reaver points at you and mumbles some strange words.
The blast of poison engulfs you!
You are poisoned.
You resist.
* * * LOW HITPOINT WARNING * * *
You block the tengu reaver's attack. x2
The tengu reaver completely misses you.
The yaktaur shoots a bolt.
The bolt hits the air elemental.
You feel better. You block the tengu reaver's attack.
The tengu reaver pecks you but does no damage.
You block the tengu reaver's attack. The tengu reaver barely misses you.
The tengu reaver pecks you but does no damage.
The tengu reaver barely misses you. The lich casts a spell at you.
The crystal spear hits you!
Ouch! That really hurt!
You die...

#........# #####.....##
.........# #..........####
#.#####..# #.#.............##
#..# ##.# #.####............#
#..#### .###.# ###........).##
#.....#####..# ###.........##
.......###..#### ##..........#
#####..........######..)..)......
###.........@§##.(......(....
##.......*QQLE.c..).§......
##...##..§*E.Q.....§.Q....
##...#..........).§.Q....
##..........(.>..§)..)..
##.....................
#######........#.E....
##.....#####.... #....## #...


You could see 2 tengu reavers, a lich, a tengu warrior, a yaktaur, 2 air
elementals and 2 battlespheres.

Vanquished Creatures
  Mennas (Vaults:2)
  Mara (Swamp:4)
  Saint Roka (Orc:2)
  A bone dragon (Swamp:4)
  Jorgrun (Spider:2)
  The ghost of tijit the Anointer, an adept MfSk of Okawaru (Elf:1)
  An Ice Fiend (IceCv)
  3 deep elf blademasters
  A tentacled monstrosity (Swamp:2)
  A deep elf master archer (Elf:3)
  Roxanne (Spider:4)
  4 fire giants
  Wiglaf (Vaults:2)
  Maud (Lair:6)
  2 frost giants (Vaults:3)
  4 deep elf sorcerers
  5 ghost moths
  Aizul (Vaults:4)
  5 emperor scorpions
  Donald (Spider:3)
  2 deep elf elementalists (Elf:3)
  8 vault wardens
  5 ironheart preservers
  A ghoul (Vaults:2)
  4 stone giants
  A war gargoyle (Vaults:1)
  3 very ugly things (Vaults:4)
  Nessos (Lair:8)
  3 deep elf demonologists
  5 deep elf annihilators (Elf:3)
  2 ettins (Vaults:2)
  5 spark wasps
  The ghost of did4411 the Severer, a journeyman DDAr of Uskayaw (Elf:1)
  14 deep elf death magi
  3 vault guards (Vaults:4)
  6 yaktaur captains
  Josephine (Orc:2)
  2 fire dragons
  2 deep elf high priests (Elf:3)
  5 great orbs of eyes
  An entropy weaver (Spider:2)
  3 catoblepae (Lair:8)
  A rakshasa (Depths:1)
  7 hydras
  Harold (Lair:4)
  A centaur warrior (D:13)
  15 ogre magi
  4 death knights
  9 death yaks (Lair:8)
  36 dancing weapons
  4 alligators
  A tengu warrior (D:14)
  29 deep elf knights
  4 orc high priests
  A fire crab (Vaults:2)
  A shadow wraith (Vaults:4)
  8 skeletal warriors
  2 spriggan druids
  A death drake (Swamp:4)
  6 deep trolls
  A flayed ghost (Vaults:4)
  11 hill giants
  2 shambling mangroves (Swamp:3)
  3 spectral hydras (Swamp:4)
  8 ironbrand convokers
  2 wizards
  12 deep elf archers
  3 swamp dragons
  25 orb spiders
  20 orc knights
  4 phantasmal warriors
  40 wolf spiders
  2 fire giant zombies (Depths:1)
  A necromancer (Depths:1)
  59 deep elf magi
  23 ugly things
  8 orc sorcerers
  A manticore (D:14)
  5 griffons
  11 cyclopes
  13 hornets
  21 elephants
  2 moths of wrath
  An octopode (shapeshifter) (D:14)
  A moth of wrath (shapeshifter) (Elf:1)
  3 ice statues
  9 vault sentinels
  Joseph (D:7)
  A naga mage (D:15)
  3 torpor snails
  10 black mambas
  A centaur zombie (D:12)
  A black mamba (shapeshifter) (D:14)
  17 spiny frogs
  4 centaur skeletons
  A gargoyle (D:12)
  5 swamp worm zombies (Swamp:4)
  2 kobold demonologists
  15 demonic crawlers
  3 anaconda simulacra (IceCv)
  A tengu conjurer (D:14)
  9 freezing wraiths
  7 komodo dragons
  9 ice devils (IceCv)
  4 red devils (D:14)
  31 yaktaurs
  3 golden dragon simulacra (IceCv)
  A polar bear (shapeshifter) (Vaults:1)
  5 hydra zombies (Swamp:4)
  2 queen bees
  42 jumping spiders
  12 giant leeches
  9 trolls
  19 two-headed ogres
  2 raiju (shapeshifter) (Vaults:4)
  A hornet zombie (D:15)
  20 blink frogs
  27 slime creatures
  3 spectral swamp dragons (Swamp:4)
  An ettin zombie (Depths:1)
  9 bog bodies
  6 boulder beetles
  A fire giant simulacrum (Vaults:2)
  2 alligator zombies (Swamp:4)
  64 redbacks
  2 shadows
  2 air elementals (Elf:1)
  5 wraiths
  A wyvern (D:10)
  7 water elementals
  A vampire (D:14)
  2 fire elementals
  31 tarantellas
  A fire dragon skeleton (Depths:1)
  65 yaks
  A dire elephant simulacrum (IceCv)
  2 humans (shapeshifter)
  4 wolves (Lair:8)
  2 hungry ghosts
  13 hippogriffs
  A spriggan simulacrum (Depths:1)
  6 basilisks
  14 vampire mosquitoes
  Menkaure (D:4)
  A harpy simulacrum (IceCv)
  3 mottled dragons
  4 wargs
  A warg (shapeshifter) (Vaults:2)
  18 insubstantial wisps
  An iron troll simulacrum (IceCv)
  11 swamp worms
  14 water moccasins
  46 orc warriors
  16 porcupines
  4 eyes of draining
  An eye of draining (shapeshifter) (Vaults:4)
  3 ice beasts
  7 sky beasts
  5 swamp drakes
  An ettin simulacrum (IceCv)
  6 wasps
  64 ogres
  7 phantoms (Swamp:4)
  2 swamp dragon zombies (Swamp:4)
  A boggart (D:14)
  13 centaurs
  14 crocodiles
  8 big kobolds
  19 giant frogs
  4 earth elementals
  2 wyvern zombies
  A wyvern skeleton (D:13)
  5 scorpions
  41 killer bees
  8 howler monkeys
  6 wights (D:14)
  13 electric eels
  13 crimson imps
  A human simulacrum (Vaults:2)
  7 hounds
  A quasit (D:11)
  A giant frog zombie (D:9)
  15 orc priests
  3 jellies
  4 gnoll shamans
  20 orc wizards
  10 iguanas
  3 giant frog skeletons
  Ijyb (D:3)
  Natasha (thrice) (D:3)
  13 worker ants
  10 sheep
  A killer bee zombie (D:9)
  A mummy (D:8)
  24 gnolls
  2 worker ant zombies
  9 adders
  74 river rats
  2 swamp drake zombies (Swamp:4)
  2 shadow imps
  2 oozes
  An adder skeleton (D:5)
  4 worms
  7 giant geckos
  94 orcs
  7 giant cockroaches
  11 goblins
  11 hobgoblins
  13 jackals
  45 kobolds
  3 quokkas
  2 ball pythons
  14 bats
  5 giant newts
  12 rats
  A butterfly (Lair:8)
  2 crawling corpses (Elf:3)
  4 fungi
  A plant (Lair:2)
1861 creatures vanquished.

Vanquished Creatures (collateral kills)
  An orc sorcerer (Orc:2)
  2 yaks (Lair:8)
  A wolf (Lair:8)
  2 orc wizards (Orc:2)
  6 sheep (Lair:8)
12 creatures vanquished.

Vanquished Creatures (others)
  A deep elf master archer (Elf:3)
  A stone giant (Vaults:4)
  A deep elf demonologist (Elf:3)
  A yaktaur captain (Vaults:2)
  A centaur warrior (D:15)
  A deep elf archer (Elf:1)
  An orc knight (Orc:2)
  A cyclops (Vaults:1)
  An elephant (Lair:7)
  10 yaktaurs
  A wolf (Lair:8)
  A centaur (D:12)
  An orc priest (Orc:2)
  An orc (Orc:2)
  9 fungi
  9 plants
41 creatures vanquished.

Grand Total: 1914 creatures vanquished

Notes
Turn   | Place    | Note
--------------------------------------------------------------
     0 | D:1      | AlphabetPasta the Vine Stalker Assassin began the quest for the Orb.
     0 | D:1      | Reached XP level 1. HP: 11/11 MP: 2/2
    85 | D:1      | Reached skill level 5 in Stealth
   290 | D:1      | Reached skill level 1 in Dodging
   290 | D:1      | Reached XP level 2. HP: 15/15 MP: 3/3
   527 | D:1      | Reached XP level 3. HP: 18/18 MP: 4/4
   982 | D:2      | Found a sparkling altar of Nemelex Xobeh.
   983 | D:2      | Found a burning altar of Makhleb.
   984 | D:2      | Found a stormy altar of Qazlal.
  1401 | D:2      | Reached XP level 4. HP: 23/23 MP: 5/5
  1619 | D:3      | Noticed Ijyb
  1626 | D:3      | Killed Ijyb
  1774 | D:3      | Found a shattered altar of Ashenzari.
  1896 | D:3      | Reached XP level 5. HP: 26/26 MP: 6/6
  1922 | D:3      | Noticed Natasha
  1935 | D:3      | Killed Natasha
  1935 | D:3      | Reached skill level 6 in Stealth
  2132 | D:3      | Noticed Natasha
  2153 | D:3      | Killed Natasha
  2157 | D:3      | Gained mutation: You heal very quickly. [Vine Stalker growth]
  2157 | D:3      | Reached XP level 6. HP: 31/32 MP: 7/7
  2271 | D:3      | Noticed Natasha
  2285 | D:3      | Killed Natasha
  2298 | D:3      | Found a bloodstained altar of Trog.
  2528 | D:4      | Found an ancient bone altar of Kikubaaqudgha.
  2545 | D:4      | Found Ysumooff's Antique Armour Boutique.
  2555 | D:4      | Noticed Menkaure
  2559 | D:4      | Bought a helmet for 103 gold pieces
  2577 | D:4      | Found a staircase to the Ecumenical Temple.
  2592 | Temple   | Entered the Ecumenical Temple
  2959 | D:4      | Killed Menkaure
  2959 | D:4      | Reached skill level 7 in Stealth
  2959 | D:4      | Reached XP level 7. HP: 4/36 MP: 2/8
  3646 | D:5      | Entered Level 5 of the Dungeon
  3646 | D:5      | Found Syqevoj's Armour Emporium.
  3705 | D:5      | Found Plog's Jewellery Shoppe.
  3735 | D:5      | Reached skill level 1 in Shields
  3735 | D:5      | Gained mutation: You have razor-sharp teeth. [Vine Stalker growth]
  3735 | D:5      | Reached XP level 8. HP: 32/40 MP: 9/9
  3777 | D:5      | Reached skill level 8 in Stealth
  3784 | D:5      | Found Oru Umocw's Book Boutique.
  3987 | D:5      | Found Bifank's Weapon Shop.
  4526 | D:5      | Reached skill level 5 in Short Blades
  5315 | D:6      | Reached skill level 9 in Stealth
  5384 | D:6      | Reached XP level 9. HP: 45/45 MP: 10/10
  5413 | D:6      | Got a warped leather armour
  5424 | D:6      | Identified the +2 leather armour of Varogih {rPois Stlth+} (You found it on level 6 of the Dungeon)
  5506 | D:6      | Found a bloodstained altar of Trog.
  5877 | D:7      | Found a blossoming altar of Fedhas.
  6050 | D:7      | Found a glowing golden altar of the Shining One.
  6055 | D:7      | Noticed Joseph
  6059 | D:7      | Killed Joseph
  6138 | D:7      | Reached skill level 10 in Stealth
  6265 | D:7      | Reached XP level 10. HP: 51/51 MP: 11/11
  6586 | D:7      | Reached skill level 5 in Fighting
  6831 | D:7      | Reached skill level 5 in Throwing
  6978 | D:7      | Found a hazy altar of Hepliaklqana.
  7469 | D:8      | Found a snail-covered altar of Cheibriados.
  7900 | D:8      | Noticed Ultraviolent4's ghost (novice VSMo)
  8514 | D:9      | Reached skill level 11 in Stealth
  8642 | D:9      | Found a shadowy altar of Dithmenos.
  8651 | D:9      | Became a worshipper of Dithmenos the Shadowed
  9405 | D:9      | Reached * piety under Dithmenos
  9415 | D:9      | Found a staircase to the Lair.
  9441 | D:9      | Reached XP level 11. HP: 56/56 MP: 12/12
  9484 | D:9      | Upgraded the game from 0.19-a0-515-g8e8fbab to 0.19-a0-517-gd6a9987
  9760 | D:9      | Reached skill level 5 in Dodging
  9851 | D:10     | Entered Level 10 of the Dungeon
 10899 | D:11     | Noticed a red ugly thing
 10914 | D:11     | Reached skill level 12 in Stealth
 10977 | D:11     | Killed a red ugly thing
 11139 | D:11     | Reached ** piety under Dithmenos
 11205 | D:11     | Noticed a white ugly thing
 11372 | D:11     | Found a staircase to the Orcish Mines.
 11727 | D:11     | Killed a white ugly thing
 11971 | D:11     | Noticed a hill giant
 12002 | D:11     | Killed a hill giant
 12002 | D:11     | Reached skill level 1 in Invocations
 12002 | D:11     | Reached skill level 1 in Evocations
 12255 | D:11     | Noticed a seven-headed hydra
 12283 | D:11     | Killed a seven-headed hydra
 12476 | Lair:1   | Entered Level 1 of the Lair of Beasts
 12578 | D:9      | Gained mutation: You regenerate. [Vine Stalker growth]
 12578 | D:9      | Reached XP level 12. HP: 60/60 MP: 14/14
 12626 | Lair:1   | Got a crude scimitar
 12627 | Lair:1   | Identified the +8 scimitar of Conservatism {pain, rF+ Str+4 Int-3 Stlth+} (You found it on level 1 of the Lair of Beasts)
 12673 | Lair:1   | Reached skill level 13 in Stealth
 13379 | Lair:1   | Reached *** piety under Dithmenos
 14596 | Lair:3   | Found a bloodstained altar of Trog.
 14819 | Lair:3   | Reached **** piety under Dithmenos
 14822 | Lair:3   | Reached skill level 10 in Short Blades
 15118 | Lair:3   | Found a hole to the Spider Nest.
 15396 | Lair:4   | Noticed Harold
 15428 | Lair:4   | Killed Harold
 15428 | Lair:4   | Reached skill level 14 in Stealth
 15747 | Lair:4   | Reached XP level 13. HP: 64/65 MP: 17/17
 16122 | Lair:4   | Reached ***** piety under Dithmenos
 16479 | Lair:4   | Reached skill level 5 in Invocations
 16693 | Lair:5   | You fall through a shaft!
 16864 | Lair:5   | Reached skill level 15 in Stealth
 17868 | Lair:6   | Noticed Maud
 17878 | Lair:6   | Killed Maud
 18170 | Lair:6   | Found a staircase to the Swamp.
 18359 | Lair:6   | Found a runed door.
 18370 | Lair:6   | Found a viscous altar of Jiyva.
 18371 | Lair:6   | Found a staircase to the Slime Pits.
 18371 | Lair:6   | Noticed an acid blob
 18480 | Lair:7   | Reached XP level 14. HP: 69/69 MP: 19/19
 19268 | Lair:7   | Reached skill level 5 in Evocations
 19497 | Lair:8   | Entered Level 8 of the Lair of Beasts
 19502 | Lair:8   | Noticed Nessos
 19509 | Lair:8   | Killed Nessos
 19509 | Lair:8   | Reached skill level 16 in Stealth
 21087 | Lair:8   | Reached ****** piety under Dithmenos
 21666 | Orc:1    | Entered Level 1 of the Orcish Mines
 21793 | Orc:2    | Entered Level 2 of the Orcish Mines
 22048 | Orc:1    | Reached XP level 15. HP: 67/73 MP: 21/21
 22329 | Orc:1    | Found a roughly hewn altar of Beogh.
 22535 | Orc:2    | Noticed Josephine
 22537 | Orc:2    | Killed Josephine
 22537 | Orc:2    | Reached skill level 17 in Stealth
 22548 | Orc:2    | Noticed Saint Roka
 22594 | Orc:1    | Upgraded the game from 0.19-a0-517-gd6a9987 to 0.19-a0-518-g626ee58
 23281 | Orc:2    | Killed Saint Roka
 23361 | Orc:2    | Found a staircase to the Elven Halls.
 24089 | Orc:2    | Found Ipri's Jewellery Boutique.
 24089 | Orc:2    | Found Umifia's Assorted Antiques.
 24099 | Orc:2    | Found Nyopul's Assorted Antiques.
 24099 | Orc:2    | Found Lusoy's Food Boutique.
 24122 | Orc:2    | Bought a bloodstained robe for 205 gold pieces
 24122 | Orc:2    | Bought a pair of transparent gloves for 342 gold pieces
 24122 | Orc:2    | Bought a shimmering helmet for 342 gold pieces
 24125 | Orc:2    | Bought the brooch of Shielding {Reflect SH+8} for 544 gold pieces
 24135 | Orc:2    | Identified the cursed +0 robe of Uziamnuth {rElec MR+ Int+3} (You bought it in a shop on level 2 of the Orcish Mines)
 24140 | Orc:2    | Identified the +1 pair of gloves of Exclusion {MR+ Str+5 Dex+3} (You bought it in a shop on level 2 of the Orcish Mines)
 24155 | Orc:2    | Identified the +2 helmet of Indomitability {MP+9} (You bought it in a shop on level 2 of the Orcish Mines)
 25296 | D:13     | Found a gate to the Vaults.
 26227 | D:14     | Reached skill level 18 in Stealth
 26542 | D:14     | Reached XP level 16. HP: 77/77 MP: 23/23
 26623 | D:14     | Upgraded the game from 0.19-a0-518-g626ee58 to 0.19-a0-519-gb6a5606
 26991 | D:15     | Entered Level 15 of the Dungeon
 26991 | D:15     | Found an opulent altar of Gozag.
 27204 | D:15     | Found Qij Xuas's General Store.
 27212 | D:15     | Bought a scroll of identify for 36 gold pieces
 27244 | D:15     | Reached skill level 19 in Stealth
 27449 | D:15     | Found a staircase to the Depths.
 28198 | Swamp:1  | Entered Level 1 of the Swamp
 28310 | Swamp:1  | Found a frozen archway.
 28353 | IceCv    | Entered an ice cave
 28663 | IceCv    | HP: 2/77 [golden dragon simulacrum (25)]
 28675 | IceCv    | Reached skill level 20 in Stealth
 28881 | IceCv    | Noticed an Ice Fiend
 28885 | IceCv    | Killed an Ice Fiend
 28896 | IceCv    | Got an iridescent trident
 30926 | Swamp:3  | Reached skill level 21 in Stealth
 31175 | Swamp:3  | Reached XP level 17. HP: 80/81 MP: 25/25
 31347 | Swamp:4  | Entered Level 4 of the Swamp
 31389 | Swamp:4  | Noticed Mara
 31657 | Swamp:4  | Killed Mara
 31657 | Swamp:4  | Reached skill level 10 in Invocations
 31927 | Swamp:4  | Reached skill level 22 in Stealth
 32281 | Swamp:4  | Noticed a bone dragon
 32434 | Swamp:4  | Killed a bone dragon
 32454 | Swamp:4  | Reached skill level 15 in Short Blades
 32573 | Swamp:4  | Got a decaying rune of Zot
 33344 | Vaults:1 | Entered Level 1 of the Vaults
 33915 | Vaults:1 | Found Temmugic's Antique Weapon Emporium.
 33955 | Vaults:1 | Found Zulohodi's Weapon Emporium.
 33974 | Vaults:1 | Found Holu's Antique Weapon Emporium.
 34039 | Vaults:1 | Bought a runed quick blade for 570 gold pieces
 34050 | Vaults:1 | Bought a polished quick blade for 500 gold pieces
 34050 | Vaults:1 | Identified the cursed +3 quick blade of Oozing Pus {drain, *Contam rElec MR++ Dex-4} (You bought it in a shop on level 1 of the Vaults)
 34300 | Vaults:1 | Reached XP level 18. HP: 86/86 MP: 27/27
 34720 | Vaults:2 | Noticed Wiglaf
 34838 | Vaults:2 | Killed Wiglaf
 34965 | Vaults:2 | Reached skill level 23 in Stealth
 35929 | Vaults:2 | Noticed Mennas
 36497 | Vaults:2 | Killed Mennas
 36500 | Vaults:2 | Got a faintly glowing large shield
 36501 | Vaults:2 | Identified the +6 large shield of the Chupacabra {-Tele Dex+9 SInv} (You took it off Mennas on level 2 of the Vaults)
 36946 | Vaults:3 | Reached skill level 5 in Shields
 37164 | Vaults:3 | Found Asiulang's Jewellery Shop.
 37416 | Vaults:3 | Reached XP level 19. HP: 89/89 MP: 28/28
 37471 | Vaults:3 | Found a staircase to the Crypt.
 37471 | Vaults:3 | Found an ancient bone altar of Kikubaaqudgha.
 37472 | Vaults:3 | Found a basalt altar of Yredelemnul.
 37663 | Vaults:3 | Reached skill level 24 in Stealth
 38901 | Vaults:4 | Noticed Aizul
 38980 | Vaults:4 | Killed Aizul
 40420 | Spider:1 | Entered Level 1 of the Spider Nest
 40426 | Spider:1 | Reached XP level 20. HP: 94/94 MP: 30/30
 41761 | Spider:3 | Noticed Donald
 41763 | Spider:3 | Killed Donald
 41867 | Spider:3 | Noticed Jorgrun
 41888 | Spider:2 | Killed Jorgrun
 42649 | Spider:4 | Entered Level 4 of the Spider Nest
 42963 | Spider:4 | Reached skill level 10 in Shields
 43114 | Spider:4 | Noticed Roxanne
 43140 | Spider:4 | Killed Roxanne
 43412 | Spider:4 | Reached XP level 21. HP: 98/98 MP: 31/31
 43498 | Spider:4 | Got a gossamer rune of Zot
 44366 | Elf:1    | Entered Level 1 of the Elven Halls
 44390 | Elf:1    | Noticed tijit's ghost (adept MfSk)
 44446 | Elf:1    | Killed tijit's ghost
 44446 | Elf:1    | Reached skill level 25 in Stealth
 45072 | Elf:1    | Noticed did4411's ghost (journeyman DDAr)
 45143 | Elf:1    | Killed did4411's ghost
 45844 | Elf:2    | Found a huge runed gate.
 45844 | Elf:2    | Found a huge runed gate.
 45844 | Elf:2    | Found a huge runed gate.
 45846 | Elf:2    | Found a huge runed gate.
 45847 | Elf:2    | Found a huge runed gate.
 46209 | Elf:2    | Reached XP level 22. HP: 102/102 MP: 32/32
 46266 | Elf:3    | Entered Level 3 of the Elven Halls
 47348 | Elf:3    | Got a vibrating jade ring
 47349 | Elf:3    | Identified the ring "Nif Qiuhur" {rCorr rN++ Str+3} (You took it off a deep elf blademaster on level 3 of the Elven Halls)
 47665 | Elf:3    | Identified the Almanac of Fiery Moulding
 47682 | Elf:3    | Got a crude platinum ring
 47683 | Elf:3    | Identified the ring of Balance {+Fly rF- MP+9 Dex+3 Stlth+} (You found it on level 3 of the Elven Halls)
 47753 | Elf:3    | Identified the Tome of the Cankerous Traveller
 47999 | Depths:1 | Entered Level 1 of the Depths
 48111 | Depths:1 | Noticed Sojobo
 48140 | Depths:1 | HP: 5/102 [lich (4)]
 48140 | Depths:1 | HP: 1/102 [yaktaur/arbalest (4)]
 48145 | Depths:1 | HP: 2/102 [tengu reaver/blast of poison[Sojobo] (1)]
 48147 | Depths:1 | Killed from afar by a lich

Vault maps used:
D:1:      erik_arrival_cave_to_civilisation
D:2:      minitemple, hangedman_glass_teeth, corexii_item_surrounded_by_moat
D:3:      old_standard_altar, lemuel_coloured_pillars_altar, glass_columns_a,
          uniq_natasha, uniq_iyjb
D:4:      kiku_gazebo_pond_becter, minmay_temple_entry_glassed_door,
          serial_shops, nicolae_shop_statue_plus, amalloy_card_club,
          uniq_menkaure
D:5:      minmay_goblin_kobold_castle, serial_shops, shop_coins, shop, shop,
          shop, first_bread
D:6:      trog_butcher_becter
D:7:      kennysheep_seaside_town, nicolae_overflow_hidden_temple,
          kennysheep_little_box, tso_metal_star, uniq_joseph
D:8:      statuecave_lemuel, slow_altar_1
D:9:      nicolae_dithmenos_through_a_glass_darkly,
          grunt_lair_entry_orc_guard_hut
D:11:     orc_0_dummy
D:13:     hangedman_vaults_entry_quadrant_bands
D:14:     minmay_swirls_squares, david_nohive_1,
          einodemon_armed_red_devil_minivault
D:15:     grunt_enter_depths_magical_seal, serial_shops, nicolae_shop_crystal,
          grunt_decor_arrowhead, nicolae_gozag_cash_rules_everything_around_me
Temple:   triangle_lava_temple_10
Lair:1:   serial_bayou_shore_a
Lair:2:   beast_lair_carwin_8
Lair:3:   nicolae_spider_entry_tight_spaces, basic_altar, st_stairs_7,
          grunt_megastairs_5
Lair:4:   uniq_harold
Lair:5:   beast_lair_carwin_large_1, grunt_megastairs_2
Lair:6:   minmay_swamp_entry_worms, slime_altar_2, minmay_lair_oklob_bushes,
          bh_autumn_forest_stairs, lemuel_fruit_tree, uniq_maud
Lair:7:   beast_lair_carwin_5
Lair:8:   evilmike_catoblepas_cave, serial_bayou_shore_b, lemuel_fruit_fields,
          uniq_nessos
Swamp:1:  portal_ice_cave_entry_ice_statue_one, evilmike_swamp_ruin_house_5
Swamp:2:  evilmike_swamp_ruin_house_4
Swamp:3:  hangedman_swamp_ruin_wall, swamp_pool1, infiniplex_staircase_pool
Swamp:4:  swamp_pestilence, uniq_mara
Spider:1: spider_trap
Spider:2: hangedman_spider_mandibles, nicolae_spider_cling_halls
Spider:3: uniq_donald, uniq_jorgrun
Spider:4: spider_rune_water, uniq_roxanne
Orc:1:    basic_altar
Orc:2:    grunt_orc_tribal_feast, uniq_josephine, uniq_saint_roka
Elf:1:    minivault_28, serial_sigils_hangedman_gnaw
Elf:3:    elf_hall, grunt_ministairs_6, minmay_fountain_box,
          statue_in_the_mist_lemuel
Vaults:1: grunt_vaults_hallway_short, v_alt_pattern_4, hangedman_vaults_hat,
          ontoclasm_vaults_ligature, ontoclasm_vaults_loading_screen,
          nicolae_vaults_network_quinsquares, nicolae_vaults_shelves_hall,
          hangedman_vaults_hard_town_square, dpeg_vaults_monster_row,
          grunt_vaults_funnel, grunt_vaults_hallway_short,
          nicolae_vaults_little_squares_5, v_alt_pattern_2, v_alt_pattern_5
Vaults:2: v_misc_3, ontoclasm_vaults_misaligned, hangedman_vaults_cutoff,
          v_alt_pattern_3, nicolae_vaults_octagons, ontoclasm_vaults_twist,
          v_rooms_6, ontoclasm_vaults_decontamination, uniq_mennas, uniq_wiglaf
Vaults:3: v_pattern_3, nicolae_vaults_twisting_passages, vaults_dpeg_hooks,
          hangedman_vaults_maws, ontoclasm_vaults_eye,
          minmay_crypt_entry_necro_gods, nicolae_vaults_theta, vaults_mumra_lcd,
          serial_shops, nicolae_shop_behind_doors
Vaults:4: nicolae_vaults_network_barrier, v_misc_12, vaults_dpeg_diagonal,
          v_pattern_5, v_misc_17, nicolae_vaults_network_star, vaults_dpeg_ring,
          v_misc_18, uniq_aizul
Depths:1: hell_entry, nicolae_barding_shop, grunt_megastairs_3, uniq_sojobo,
          uniq_enchantress, uniq_asterion
IceCv:    ice_cave_tombish

Skill      XL: |  1  2  3  4  5  6  7  8  9 10 11 12 13 14 15 16 17 18 19 20 21 22 |
---------------+-------------------------------------------------------------------+-----
Stealth        | 5 6 7 9 10 11 12 14 15 16 18 21 22 23 24 25 | 25.7
Short Blades   | 2 3 4 5 6 8 9 10 11 12 13 14 15 16 17 18 19 | 19.7
Dodging        | 1 2 3 4 5 6 7 8 9 |  9.7
Fighting       | 2 3 4 5 |  5.9
Throwing       | 2 3 4 5 6 7 8 9 |  9.6
Shields        | 1 2 3 4 5 7 10 12 13 | 13.6
Invocations    | 2 4 6 7 8 9 10 11 12 13 | 13.0
Evocations     | 1 3 4 5 6 |  6.9

Action                   |  1- 3 |  4- 6 |  7- 9 | 10-12 | 13-15 | 16-18 | 19-21 | 22-24 || total
-------------------------+-------+-------+-------+-------+-------+-------+-------+-------++-------
Melee: Dagger            |   117 |   104 |   317 |  1022 |  1617 |  1234 |       |       ||  4411
       Bite              |    20 |    31 |   108 |   425 |   869 |  1202 |   897 |   150 ||  3702
       Quick blade       |       |       |       |       |       |   593 |  1505 |   248 ||  2346
 Fire: Blowgun           |     6 |    35 |    73 |   193 |   121 |     2 |       |     2 ||   432
Throw: Javelin           |       |    10 |    24 |    35 |     6 |       |       |       ||    75
       Tomahawk          |       |       |     6 |    97 |   335 |   176 |   152 |    50 ||   816
       Throwing net      |       |       |       |     2 |     4 |       |       |       ||     6
Invok: Shadow Step       |       |       |       |       |     2 |     3 |    16 |       ||    21
Evoke: Wand              |       |       |       |     5 |     7 |     2 |     6 |     2 ||    22
  Use: Scroll            |       |    12 |     6 |     7 |    15 |    16 |     9 |     2 ||    67
       Potion            |       |     1 |       |     1 |     1 |    10 |     4 |     4 ||    21
 Stab: Sleeping          |    14 |     5 |    26 |    73 |   113 |   142 |   214 |    17 ||   604
       Distracted        |       |       |       |     2 |     8 |    12 |    20 |     6 ||    48
       Held in net/web   |       |       |       |     1 |     1 |       |       |       ||     2
       Paralysed         |       |       |       |       |       |     1 |     1 |       ||     2
  Eat: Chunk             |     2 |     4 |     9 |    21 |    25 |     8 |    25 |     5 ||    99
       Fruit             |       |       |     2 |     2 |     1 |    27 |       |       ||    32
       Beef jerky        |       |       |       |     4 |     2 |     1 |     3 |     2 ||    12
       Pizza             |       |       |       |     1 |     3 |     2 |       |       ||     6
       Royal jelly       |       |       |       |     1 |       |       |       |       ||     1
Armor: Robe              |    36 |    14 |    26 |       |       |       |       |       ||    76
       Leather armour    |       |       |     8 |    60 |    68 |    86 |    79 |    28 ||   329
Dodge: Dodged            |    65 |    49 |   180 |   449 |   536 |   357 |   267 |    34 ||  1937
Block: Buckler           |       |       |    57 |   134 |   256 |   474 |       |       ||   921
       Reflection        |       |       |       |       |     3 |    17 |    43 |    22 ||    85
       Large shield      |       |       |       |       |       |    90 |  1133 |   161 ||  1384
